Map: Invader LE

Players

Sinista - Winner!

  • Race: Terran Terran
  • League: Silver
  • Spawn Location: 7:00

Fropez

  • Race: Protoss Protoss
  • League: Silver
  • Spawn Location: 5:00

VOD

Have the link to the VOD?

Description

Time

  • Played on: July 11, 2016, 1 p.m.
  • Length: 17:22
Show
View Real Time Build Order
Export as new Build Order

Sinista Terran - Winner!

Build Orders:  

Get SALT Encoding   

  12  0:01  SCV  
  13  0:14  Supply Depot  
  13  0:18  SCV  
  14  0:26  Refinery  
  14  0:30  SCV  
  15  0:43  Barracks  
  15  0:46  SCV  
  16  1:02  Barracks  
  16  1:08  SCV  
  17  1:17  Supply Depot  
  17  1:28  SCV  
  18  1:36  Factory  
  18  1:40  SCV  
  18  1:43  Marine  
  20  1:51  Refinery  
  20  1:54  SCV  
  21  1:57  Marine  
  22  2:01  Marine  
  23  2:17  Supply Depot  
  23  2:21  Factory Tech Lab  
  23  2:25  Orbital Command  
  23  2:39  Siege Tank  
  26  3:21  Barracks Reactor, Barracks Tech Lab  
  26  3:22  Command Center  
  26  3:29  Starport  
  26  3:34  SCV  
  27  3:35  Engineering Bay  
  27  3:42  Siege Tank  
  27  3:47  SCV  
  31  3:52  Stimpack  
  31  3:55  Marine  
  31  3:59  Marine  
  31  4:02  Marine  
  34  4:10  Medivac  
  36  4:23  Liberator  
  36  4:24  Missile Turret  
  36  5:31  Starport Reactor  
  36  5:34  Starport  
  36  5:47  Siege Tank  
  36  5:48  Marine x2, Marauder  
  43  5:51  Barracks  
  40  6:00  Terran Infantry Armor Level 1  
  40  6:06  Marine x2  
  40  6:10  Marauder  
  44  6:23  Marine  
  44  6:24  Marine  
  46  6:31  Marauder  
  47  6:41  Marine x2  
  49  6:50  Medivac x2  
  49  6:51  Starport Reactor  
  53  6:58  Barracks  
  53  6:59  Marine  
  54  7:04  Marine  
  54  7:05  Orbital Command, Marauder  
  57  7:09  SCV  
  58  7:21  SCV  
  59  7:26  Supply Depot, Marauder  
  59  7:27  Barracks Reactor  
  61  7:33  SCV  
  61  7:35  Missile Turret  
  62  7:42  SCV  
  63  7:45  SCV  
  63  7:47  Marauder  
  63  7:49  Barracks  
  63  7:50  Medivac  
  68  7:58  Siege Tank  
  71  7:59  Missile Turret  
  71  8:03  Supply Depot  
  71  8:06  SCV  
  71  8:12  Refinery  
  72  8:15  SCV, Refinery  
  72  8:18  SCV  
  74  8:28  SCV  
  74  8:30  SCV  
  76  8:40  SCV, Liberator x3  
  86  9:05  Marine x6, Marauder  
  86  9:07  Supply Depot  
  86  9:09  Supply Depot  
  94  9:22  SCV  
  94  9:23  Marine x2  
  96  9:34  SCV  
  91  9:46  SCV  
  77  10:19  SCV  
  77  10:22  SCV  
  78  10:31  SCV  
  78  10:34  SCV  
  80  10:36  Marine x2, Marauder  
  80  10:37  Marine  
  85  10:43  SCV  
  85  10:46  SCV  
  87  10:55  SCV  
  91  10:57  Siege Tank, Marauder  
  91  10:58  SCV  
  94  11:08  SCV  
  94  11:10  SCV  
  87  11:19  Marauder  
  72  13:23  Liberator x2  
  59  13:28  Marine  
  59  13:29  Marine x3, Marauder  
  75  13:43  Medivac x2  
  75  13:45  SCV  
  75  13:46  Marine x2  
  75  13:47  Marine x2  
  78  13:50  Marauder  
  80  13:58  Siege Tank  
  83  14:04  Marine x4  
  87  14:12  Marauder  
  87  14:13  Medivac x2  
  87  14:14  SCV  
  87  14:17  SCV  
  95  14:22  Marine x3  
  98  14:26  SCV  
  98  14:29  SCV  
  98  14:30  Siege Tank  
  103  14:31  Marine  
  103  14:33  Marauder  
  103  14:34  Medivac  
  103  14:36  Medivac  
  110  14:38  SCV  
  110  14:40  Marine x3  
  110  14:41  SCV  
  115  14:49  Marine  
  115  14:51  SCV  
  117  14:53  SCV  
  118  15:02  Marine  
  118  15:03  Marine, SCV  
  118  15:04  Marine  
  118  15:06  SCV  
  118  15:17  Liberator x3  
  118  15:35  Marauder  
  129  15:44  Siege Tank  
  130  17:03  Marine x2  
Show
View Real Time Build Order
Export as new Build Order

Fropez Protoss 

Build Orders:  

Get SALT Encoding   

  12  0:00  Probe (Chrono Boost)  
  13  0:15  Pylon  
  13  0:22  Probe (Chrono Boost)  
  14  0:33  Gateway  
  14  0:40  Probe (Chrono Boost)  
  15  0:46  Assimilator  
  15  1:07  Pylon, Probe (Chrono Boost)  
  16  1:21  Cybernetics Core  
  16  1:26  Probe (Chrono Boost)  
  17  1:41  Probe (Chrono Boost), Assimilator, Gateway  
  18  1:57  Warp Gate (Chrono Boost)  
  18  2:01  Adept  
  20  2:08  Probe (Chrono Boost)  
  21  2:19  Probe (Chrono Boost)  
  22  2:29  Adept  
  24  2:30  Adept  
  26  2:40  Gateway  
  26  2:42  Pylon  
  26  2:45  Probe  
  27  2:57  Probe  
  28  3:00  Adept  
  28  3:04  Adept  
  32  3:09  Probe  
  33  3:23  Probe  
  34  3:34  Pylon  
  34  3:54  Gateway  
  34  4:00  Nexus  
  34  4:17  Adept  
  34  4:18  Adept x2  
  34  4:23  Probe  
  41  4:43  Assimilator  
  41  5:05  Stalker x3  
  47  5:12  Probe  
  47  5:13  Pylon, Probe  
  49  5:29  Stalker x3  
  51  5:43  Robotics Facility  
  45  6:00  Stalker x3  
  51  6:08  Probe  
  52  6:22  Gateway  
  52  6:26  Twilight Council  
  52  6:27  Probe  
  43  6:43  Probe, Stalker x2  
  43  6:44  Probe  
  49  6:51  Observer  
  50  6:54  Probe  
  50  6:56  Probe  
  52  7:09  Blink (Chrono Boost)  
  52  7:13  Observer  
  53  7:21  Probe, Forge  
  53  7:22  Probe  
  55  7:25  Pylon  
  55  7:27  Stalker  
  57  7:32  Stalker  
  57  7:37  Stalker  
  61  7:42  Stalker  
  63  7:46  Probe  
  63  7:47  Probe  
  65  7:56  Mothership Core  
  67  7:59  Warp Prism  
  69  8:26  Stalker x4  
  77  8:45  Pylon  
  77  8:47  Probe  
  77  8:48  Pylon  
  78  8:52  Assimilator, Protoss Ground Weapons Level 1 (Chrono Boost)  
  78  8:56  Photon Cannon  
  78  9:06  Nexus  
  78  9:12  Observer  
  78  9:15  Stalker  
  65  9:52  Stalker x4  
  71  9:53  Stalker  
  63  10:17  Stalker x4  
  63  10:18  Stalker  
  65  10:24  Probe x3  
  68  10:38  Pylon  
  68  10:57  Assimilator  
  68  11:00  Assimilator  
  68  11:03  Pylon  
  55  11:18  Stalker  
  55  11:19  Stalker x4  
  56  11:40  Gateway  
  56  11:41  Gateway  
  56  11:42  Pylon  
  56  11:45  Gateway  
  56  11:57  Stalker x3  
  54  12:11  Stalker x2  
  52  12:36  Stalker x6  
  64  12:47  Stalker  
  64  12:50  Sentry  
  68  13:04  Stalker x3  
  69  13:24  Stalker  
  69  13:25  Stalker  
  71  13:46  Probe  
  71  13:47  Probe  
  73  13:55  Stalker x2  
  77  14:19  Probe  
  78  14:25  Pylon x2  
  78  14:26  Pylon  
  78  14:41  Probe  
  78  14:43  Immortal (Chrono Boost)  
  81  14:54  Zealot  
  81  14:55  Zealot x3  
  81  15:22  Immortal (Chrono Boost)  
  85  15:30  Zealot  
  85  15:32  Zealot  
  89  15:54  Nexus  
  93  15:57  Immortal (Chrono Boost)  
  93  16:13  Zealot x4  
  93  17:15  Zealot x3  
  80  17:16  Zealot x2  
Tags
 
Matchup
PvT
Replay Pack
All Mines
Spawn Locations
Close Positions
Add a new tag
Caveats
  • Supply blocks, unpowered buildings, or Contaminate may cause inaccurate times.
  • Supply counts are checked every 10 seconds.